SAA
PHOENIX HOTSPUR YOUTH @ CHESAPEAKE CONTINENTALS
09/14/2026
 
TOP OF THE 1ST
Phoenix Hotspur Youth batting - Pitching for Chesapeake Continentals : RHP Francisco Sandoval
Pitching: RHP Francisco Sandoval
Batting: RHB David Rivas 0-0: Ball
1-0: Foul Ball, location: 2F
1-1: Ball
2-1: Ball
3-1: Fly out, F9 (Flyball, 9LS)
Batting: RHB Carl Tucker 0-0: Ball
1-0: Swinging Strike
1-1: Ground out 4-3 (Groundball, 4)
Batting: LHB Roberto Fierro 0-0: Ball
1-0: Called Strike
1-1: Ball
2-1: Foul Ball, location: 2F
2-2: Strikes out swinging
Top of the 1st over - 0 run(s), 0 hit(s), 0 error(s), 0 left on base; Phoenix Hotspur 0 - Chesapeake 0
BOTTOM OF THE 1ST
Chesapeake Continentals batting - Pitching for Phoenix Hotspur Youth : RHP Titus Parson
Pitching: RHP Titus Parson
Batting: RHB Vincent Vega 0-0: SINGLE (Line Drive, 89S)
Batting: RHB Lee Lockheart 0-0: Ball
Wild Pitch!
Vincent Vega to second
1-0: Called Strike
1-1: Called Strike
1-2: Foul Ball, location: 2F
1-2: Strikes out looking
Batting: RHB Lionel McCloud 0-0: Swinging Strike
0-1: Ball
1-1: Ball
Vincent Vega is caught stealing 3rd base
2-1: Ball
3-1: Called Strike
3-2: Base on Balls
Batting: RHB Ken Sandoval 0-0: Swinging Strike
0-1: Ball
1-1: Swinging Strike
1-2: Strikes out swinging
Bottom of the 1st over - 0 run(s), 1 hit(s), 0 error(s), 1 left on base; Phoenix Hotspur 0 - Chesapeake 0
TOP OF THE 2ND
Phoenix Hotspur Youth batting - Pitching for Chesapeake Continentals : RHP Francisco Sandoval
Batting: RHB Rubén Andrada 0-0: Foul Ball, location: 2F
0-1: Ball
1-1: Ball
2-1: Foul Ball, location: 2F
2-2: Foul Ball, location: 2F
2-2: Strikes out swinging
Batting: RHB Enrico Sánchez 0-0: Ball
1-0: Called Strike
1-1: Foul Ball, location: 2F
1-2: Ball
2-2: Strikes out swinging
Batting: RHB Ed Sharp 0-0: Foul Ball, location: 2F
0-1: Foul Ball, location: 2F
0-2: Ball
1-2: Ball
2-2: Foul Ball, location: 2F
2-2: Ball
3-2: Strikes out swinging
Top of the 2nd over - 0 run(s), 0 hit(s), 0 error(s), 0 left on base; Phoenix Hotspur 0 - Chesapeake 0
BOTTOM OF THE 2ND
Chesapeake Continentals batting - Pitching for Phoenix Hotspur Youth : RHP Titus Parson
Batting: RHB Rudko Hrnjak 0-0: Ball
1-0: Ball
2-0: Ball
3-0: Called Strike
3-1: Foul Ball, location: 2F
3-2: Fly out, F4 (Line Drive, 4)
Batting: RHB Christian Hoover 0-0: Ball
1-0: Ball
2-0: Ball
3-0: Base on Balls
Batting: LHB Colt Gridley 0-0: SINGLE (Groundball, 34D)
Christian Hoover to second
Batting: RHB Dave Yates 0-0: Ball
Wild Pitch!
Christian Hoover to third
Colt Gridley to second
1-0: Fly out, F8 (Flyball, 89M)
Runner from 3rd tags up, SCORES, throw made
Batting: RHB Júlio Vargas 0-0: Ball
1-0: Called Strike
1-1: Foul Ball, location: 2F
1-2: Ball
2-2: Ground out 5-3 (Groundball, 56S)
Bottom of the 2nd over - 1 run(s), 1 hit(s), 0 error(s), 1 left on base; Phoenix Hotspur 0 - Chesapeake 1
TOP OF THE 3RD
Phoenix Hotspur Youth batting - Pitching for Chesapeake Continentals : RHP Francisco Sandoval
Batting: RHB Bernardo Rivera 0-0: Ball
1-0: Ground out 5-3 (Groundball, 56)
Batting: LHB Richard Alpert 0-0: Foul Ball, location: 2F
0-1: Foul Ball, location: 2F
0-2: Fly out, F7 (Line Drive, 7)
Batting: RHB Juan Rivera 0-0: Called Strike
0-1: Foul Ball, location: 2F
0-2: Fly out, F8 (Flyball, 8RM)
Top of the 3rd over - 0 run(s), 0 hit(s), 0 error(s), 0 left on base; Phoenix Hotspur 0 - Chesapeake 1
BOTTOM OF THE 3RD
Chesapeake Continentals batting - Pitching for Phoenix Hotspur Youth : RHP Titus Parson
Batting: RHB Vincent Vega 0-0: Ball
1-0: Swinging Strike
1-1: Ball
2-1: Ball
3-1: Base on Balls
Batting: RHB Lee Lockheart 0-0: Ball
Pickoff Throw to First - Out!
1-0: Ground out 5-3 (Groundball, 5L)
Batting: RHB Lionel McCloud 0-0: Fly out, F5 (Popup, 56S)
Bottom of the 3rd over - 0 run(s), 0 hit(s), 0 error(s), 0 left on base; Phoenix Hotspur 0 - Chesapeake 1
TOP OF THE 4TH
Phoenix Hotspur Youth batting - Pitching for Chesapeake Continentals : RHP Francisco Sandoval
Batting: RHB David Rivas 0-0: Foul Ball, location: 2F
0-1: Ball
1-1: Ball
2-1: Swinging Strike
2-2: Ball
3-2: Base on Balls
Batting: RHB Carl Tucker 0-0: Ball
1-0: Ball
2-0: Called Strike
2-1: Foul Ball, location: 2F
2-2: Ball
3-2: Ground out 3-1 (Groundball, 34S)
David Rivas to second
Batting: LHB Roberto Fierro 0-0: Swinging Strike
0-1: Foul Ball, location: 2F
0-2: Strikes out looking
Batting: RHB Rubén Andrada 0-0: Ball
1-0: Swinging Strike
1-1: Swinging Strike
1-2: Ball
2-2: Ball
3-2: Strikes out swinging, 2-3 out at first.
Top of the 4th over - 0 run(s), 0 hit(s), 0 error(s), 1 left on base; Phoenix Hotspur 0 - Chesapeake 1
BOTTOM OF THE 4TH
Chesapeake Continentals batting - Pitching for Phoenix Hotspur Youth : RHP Titus Parson
Batting: RHB Ken Sandoval 0-0: Called Strike
0-1: Swinging Strike
0-2: Ball
1-2: Foul Ball, location: 2F
1-2: Ball
2-2: Strikes out looking
Batting: RHB Rudko Hrnjak 0-0: Swinging Strike
0-1: Ball
1-1: Foul Ball, location: 2F
1-2: Ball
2-2: Foul Ball, location: 2F
2-2: SINGLE (Groundball, 34D)
Batting: RHB Christian Hoover 0-0: Ball
1-0: Fly out, F5 (Popup, 56)
Batting: LHB Colt Gridley 0-0: Ball
1-0: Called Strike
1-1: Foul Ball, location: 2F
1-2: Fly out, F9 (Flyball, 89D)
Bottom of the 4th over - 0 run(s), 1 hit(s), 0 error(s), 1 left on base; Phoenix Hotspur 0 - Chesapeake 1
TOP OF THE 5TH
Phoenix Hotspur Youth batting - Pitching for Chesapeake Continentals : RHP Francisco Sandoval
Batting: RHB Enrico Sánchez 0-0: Ball
1-0: Ball
2-0: Ball
3-0: SINGLE (Groundball, 6MD)
Batting: RHB Ed Sharp 0-0: Ball
1-0: Bunted foul
1-1: Sac Bunt - play at first, batter OUT! 1-4
Enrico Sánchez to second
Batting: RHB Bernardo Rivera 0-0: Called Strike
0-1: Reached on error, E5 (Groundball, 56)
Enrico Sánchez scores
Batting: LHB Richard Alpert 0-0: Called Strike
0-1: Ground out 6-3 (Groundball, 6S)
Bernardo Rivera to third
Batting: RHB Juan Rivera 0-0: Ball
1-0: Foul Ball, location: 2F
1-1: Ball
2-1: Foul Ball, location: 2F
2-2: Ground out 6-3 (Groundball, 6S)
Top of the 5th over - 1 run(s), 1 hit(s), 1 error(s), 1 left on base; Phoenix Hotspur 1 - Chesapeake 1
BOTTOM OF THE 5TH
Chesapeake Continentals batting - Pitching for Phoenix Hotspur Youth : RHP Titus Parson
Batting: RHB Dave Yates 0-0: Ball
1-0: Foul Ball, location: 2F
1-1: Swinging Strike
1-2: Strikes out swinging
Batting: RHB Júlio Vargas 0-0: Called Strike
0-1: Ground out 6-3 (Groundball, 6)
Batting: RHB Vincent Vega 0-0: Fly out, F9 (Flyball, 9LS)
Bottom of the 5th over - 0 run(s), 0 hit(s), 0 error(s), 0 left on base; Phoenix Hotspur 1 - Chesapeake 1
TOP OF THE 6TH
Phoenix Hotspur Youth batting - Pitching for Chesapeake Continentals : RHP Francisco Sandoval
Batting: RHB David Rivas 0-0: Called Strike
0-1: Called Strike
0-2: Strikes out swinging, 2-3 out at first.
Batting: RHB Carl Tucker 0-0: Ball
1-0: Called Strike
1-1: Ball
2-1: Foul Ball, location: 2F
2-2: Ball
3-2: Ground out U3 (Groundball, 3)
Batting: LHB Roberto Fierro 0-0: SINGLE (Groundball, 2L) (infield hit)
Batting: RHB Rubén Andrada 0-0: Ball
1-0: Ball
2-0: Ball
3-0: Called Strike
3-1: Foul Ball, location: 2F
3-2: Foul Ball, location: 2F
3-2: Base on Balls
Roberto Fierro to second
Batting: RHB Enrico Sánchez 0-0: Called Strike
0-1: SINGLE (Groundball, 34S) (infield hit)
Roberto Fierro to third
Rubén Andrada to second
Batting: RHB Ed Sharp 0-0: SINGLE (Groundball, 34D)
Roberto Fierro scores
Rubén Andrada to third
Enrico Sánchez to second
Batting: RHB Bernardo Rivera 0-0: Ball
1-0: Swinging Strike
1-1: Ball
2-1: Ground out U3 (Groundball, 34)
Top of the 6th over - 1 run(s), 3 hit(s), 0 error(s), 3 left on base; Phoenix Hotspur 2 - Chesapeake 1
BOTTOM OF THE 6TH
Chesapeake Continentals batting - Pitching for Phoenix Hotspur Youth : RHP Titus Parson
Batting: RHB Lee Lockheart 0-0: Called Strike
0-1: Ground out 6-3 (Groundball, 56)
Batting: RHB Lionel McCloud 0-0: Ball
1-0: Foul Ball, location: 2F
1-1: Ball
2-1: Foul Ball, location: 2F
2-2: Ball
3-2: Foul Ball, location: 2F
3-2: Foul Ball, location: 2F
3-2: Strikes out swinging
Batting: RHB Ken Sandoval 0-0: Ball
1-0: Ground out 4-3 (Groundball, 4)
Bottom of the 6th over - 0 run(s), 0 hit(s), 0 error(s), 0 left on base; Phoenix Hotspur 2 - Chesapeake 1
TOP OF THE 7TH
Phoenix Hotspur Youth batting - Pitching for Chesapeake Continentals : RHP Francisco Sandoval
Pitching: RHP Eddie Schmitt
Batting: LHB Richard Alpert 0-0: Ground out 3-1 (Groundball, 34)
Batting: RHB Juan Rivera 0-0: SINGLE (Line Drive, 8LS)
Batting: RHB David Rivas 0-0: Swinging Strike
0-1: Ball
1-1: Foul Ball, location: 2F
1-2: Foul Ball, location: 2F
1-2: Foul Ball, location: 2F
1-2: Ball
2-2: Fly out, F8 (Flyball, 8RM)
Batting: RHB Carl Tucker 0-0: Ball
1-0: Swinging Strike
1-1: Foul Ball, location: 2F
1-2: Foul Ball, location: 2F
1-2: Foul Ball, location: 2F
1-2: Fielders Choice at 2nd, 4-6 (Groundball, 34)
Top of the 7th over - 0 run(s), 1 hit(s), 0 error(s), 0 left on base; Phoenix Hotspur 2 - Chesapeake 1
BOTTOM OF THE 7TH
Chesapeake Continentals batting - Pitching for Phoenix Hotspur Youth : RHP Titus Parson
Batting: RHB Rudko Hrnjak 0-0: Ball
1-0: Called Strike
1-1: Foul Ball, location: 2F
1-2: Ground out 4-3 (Groundball, 4)
Batting: RHB Christian Hoover 0-0: Ball
1-0: Swinging Strike
1-1: Foul Ball, location: 2F
1-2: Ball
2-2: DOUBLE (Line Drive, 7LM)
Pinch Hitting: SHB Ludovic Michel 0-0: Ball
1-0: Ball
2-0: Ball
3-0: Base on Balls
Pinch Hitting: RHB Jorge Rodríguez 0-0: Called Strike
0-1: Ball
1-1: Ball
2-1: SINGLE (Line Drive, 78S)
Christian Hoover to third
Ludovic Michel to second
Pinch Hitting: RHB Jouo Hirschovits 0-0: Called Strike
0-1: Ball
1-1: Fly out, F6 (Line Drive, 56)
Pitching: LHP Ray Davis
Batting: RHB Vincent Vega 0-0: Ball
1-0: Foul Ball, location: 2F
1-1: Called Strike
1-2: Ball
2-2: Foul Ball, location: 2F
2-2: Fielders Choice at 2nd, 4-6 (Groundball, 4)
Bottom of the 7th over - 0 run(s), 2 hit(s), 0 error(s), 2 left on base; Phoenix Hotspur 2 - Chesapeake 1
TOP OF THE 8TH
Phoenix Hotspur Youth batting - Pitching for Chesapeake Continentals : RHP Eddie Schmitt
Now in LF: Thomas Sherman
Now in CF: Jouo Hirschovits
Now in RF: Jorge Rodríguez
Batting: LHB Roberto Fierro 0-0: Foul Ball, location: 2F
0-1: Swinging Strike
0-2: Ball
1-2: Strikes out swinging
Batting: RHB Rubén Andrada 0-0: Ball
1-0: Ball
2-0: Called Strike
2-1: Ground out 6-3 (Groundball, 6M)
Batting: RHB Enrico Sánchez 0-0: Called Strike
0-1: SOLO HOME RUN (Flyball, 7D), Distance : 378 ft
Batting: RHB Ed Sharp 0-0: Ball
1-0: Ball
2-0: Ground out 6-3 (Groundball, 56)
Top of the 8th over - 1 run(s), 1 hit(s), 0 error(s), 0 left on base; Phoenix Hotspur 3 - Chesapeake 1
BOTTOM OF THE 8TH
Chesapeake Continentals batting - Pitching for Phoenix Hotspur Youth : LHP Ray Davis
Batting: RHB Lee Lockheart 0-0: Called Strike
0-1: Ball
1-1: Foul Ball, location: 2F
1-2: Fly out, F9 (Flyball, 9S)
Batting: RHB Lionel McCloud 0-0: Called Strike
0-1: Ball
1-1: Ball
2-1: Fly out, F8 (Flyball, 8LD)
Batting: RHB Ken Sandoval 0-0: Ball
1-0: Fly out, F8 (Flyball, 8LD)
Bottom of the 8th over - 0 run(s), 0 hit(s), 0 error(s), 0 left on base; Phoenix Hotspur 3 - Chesapeake 1
TOP OF THE 9TH
Phoenix Hotspur Youth batting - Pitching for Chesapeake Continentals : RHP Eddie Schmitt
Batting: RHB Bernardo Rivera 0-0: Ball
1-0: Swinging Strike
1-1: DOUBLE (Groundball, 5L)
Batting: LHB Richard Alpert 0-0: Intentional Walk
Pinch Hitting: LHB Ricardo Peńa 0-0: Ball
1-0: Bunted foul
1-1: Bunted foul
1-2: Strikes out swinging
Batting: RHB David Rivas 0-0: Called Strike
0-1: Fly out, F3 (Line Drive, 34)
Batting: RHB Carl Tucker 0-0: SINGLE (Line Drive, 89S)
Bernardo Rivera to third
Richard Alpert to second
Batting: LHB Roberto Fierro 0-0: Foul Ball, location: 2F
0-1: Ball
1-1: Swinging Strike
1-2: Ball
2-2: Fly out, F7 (Flyball, 78M)
Top of the 9th over - 0 run(s), 2 hit(s), 0 error(s), 3 left on base; Phoenix Hotspur 3 - Chesapeake 1
BOTTOM OF THE 9TH
Chesapeake Continentals batting - Pitching for Phoenix Hotspur Youth : LHP Ray Davis
Pitching: LHP Cobus Reijnen
Now at 1B: Eric Conway
Batting: RHB Rudko Hrnjak 0-0: Ball
1-0: Foul Ball, location: 2F
1-1: SINGLE (Line Drive, 56D)
Batting: RHB Christian Hoover 0-0: Ball
1-0: Swinging Strike
1-1: Foul Ball, location: 2F
1-2: Ball
2-2: Ball
3-2: Strikes out swinging
Pinch Hitting: RHB Jorge Alfiche 0-0: Called Strike
0-1: Ball
1-1: Called Strike
1-2: Fly out, F9 (Line Drive, 9)
Batting: RHB Jorge Rodríguez 0-0: Called Strike
0-1: Ball
1-1: 2-RUN HOME RUN (Line Drive, 78XD), Distance : 420 ft
Batting: RHB Jouo Hirschovits 0-0: Ball
1-0: Fly out, F9 (Flyball, 9)
Bottom of the 9th over - 2 run(s), 2 hit(s), 0 error(s), 0 left on base; Phoenix Hotspur 3 - Chesapeake 3
TOP OF THE 10TH
Phoenix Hotspur Youth batting - Pitching for Chesapeake Continentals : RHP Eddie Schmitt
Pitching: RHP Obadiah Small
Now in CF: Héctor Hernández
Batting: RHB Rubén Andrada 0-0: Swinging Strike
0-1: Ball
1-1: Ball
2-1: Foul Ball, location: 2F
2-2: Ball
3-2: Ground out 1-3 (Groundball, 15S)
Pinch Hitting: RHB Jim Unknown 0-0: Fly out, F5 (Flyball, 5D)
Batting: RHB Ed Sharp 0-0: Called Strike
0-1: Foul Ball, location: 2F
0-2: Ball
1-2: Foul Ball, location: 2F
1-2: Foul Ball, location: 2F
1-2: Foul Ball, location: 2F
1-2: Foul Ball, location: 2F
1-2: Ball
2-2: Ball
3-2: Ground out 1-3 (Groundball, 15)
Top of the 10th over - 0 run(s), 0 hit(s), 0 error(s), 0 left on base; Phoenix Hotspur 3 - Chesapeake 3
BOTTOM OF THE 10TH
Chesapeake Continentals batting - Pitching for Phoenix Hotspur Youth : LHP Cobus Reijnen
Pitching: RHP Derrick Hopkins
Now at SS: Juan Román
Batting: RHB Vincent Vega 0-0: Ball
1-0: Foul Ball, location: 2F
1-1: Ball
2-1: SOLO HOME RUN (Flyball, 78XD), Distance : 423 ft
Monday, March 20th, 2017 - OOTP Baseball 17.12 Build 75